 Dungeon Crawl Stone Soup version 0.28-a0-43-g560ac104fe (webtiles) character file.

Game seed: 6869956853386768087

82 robertstho the Skirmisher (level 4, -7/55 HPs)
             Began as a Human Berserker on July 28, 2021.
             Was a Believer of Trog.
             Killed by divine providence
             ... invoked by an orc priest
              (9 damage)
             ... on level 3 of the Dungeon.
             The game lasted 00:02:42 (2649 turns).

robertstho the Skirmisher (Human Berserker)         Turns: 2649, Time: 00:02:42

Health: -7/55      AC:  7    Str: 18    XL:     4   Next: 70%
Magic:  4/4        EV: 10    Int:  8    God:    Trog [**....]
Gold:   107        SH:  0    Dex: 12    Spells: 3/3 levels left

rFire   . . .      SeeInvis .   a - +0 spear
rCold   . . .      Faith    .   (no shield)
rNeg    . . .      Spirit   .   c - +0 scale mail
rPois   .          Reflect  .   (no helmet)
rElec   .          Harm     .   f - scarf {+Inv}
rCorr   .          Rampage  .   (no gloves)
Will    .....                   l - +0 pair of boots
Stlth   ..........              (no amulet)
HPRegen 0.18/turn               (no ring)
MPRegen 0.09/turn               (no ring)

@: confused, berserking (expiring), very quick
A: no striking features
a: Renounce Religion, Evoke Invisibility, Berserk, Trog's Hand


You were on level 3 of the Dungeon.
You worshipped Trog.
Trog was pleased with you.
You visited 1 branch of the dungeon, and saw 3 of its levels.

You collected 107 gold pieces.

Inventory:

Hand Weapons
 a - a +0 spear (weapon)
Armour
 c - a +0 scale mail (worn)
 f - a scarf of invisibility (worn)
 l - a +0 pair of boots (worn)
Wands
 b - a wand of polymorph (3)
Scrolls
 e - a scroll of fear {unknown}
 g - a scroll of teleportation
 j - 2 scrolls of enchant weapon
 k - a scroll of magic mapping
 m - a scroll of noise {unknown}
Potions
 d - a potion of curing {unknown}
 h - 2 potions of haste {unknown}
 i - 2 potions of attraction {unknown}


   Skills:
 * Level 4.0 Fighting
 + Level 3.6 Polearms
 * Level 2.6 Armour
 + Level 2.3 Dodging


You had 3 spell levels left.
You didn't know any spells.
Your spell library was empty.

Dungeon Overview and Level Annotations

Branches:
Dungeon (3/15)

Altars:
Nemelex Xobeh


Message History

The orc priest calls down the wrath of Beogh upon you.
Pain shoots through your body!
The orc wizard points at you and mumbles some strange words.
You are confused.
The orc closely misses you.
You hit the orc.
The orc is almost dead.
The orc hits you with a +0 short sword.
* * * LOW HITPOINT WARNING * * *
The orc priest hits you but does no damage.
The orc barely misses you.
Unknown command.
You miss the orc priest. The orc wizard barely misses you.
The orc hits you with a +0 club.
* * * LOW HITPOINT WARNING * * *
You closely miss the orc.
The orc is almost dead.
The orc hits you with a +0 short sword.
* * * LOW HITPOINT WARNING * * *
The orc barely misses you. The orc priest closely misses you.
The orc wizard hits you but does no damage.
The orc hits you with a +0 club.
* * * LOW HITPOINT WARNING * * *
You puncture the orc priest!
The orc priest is almost dead.
The orc hits you with a +0 short sword.
* * * LOW HITPOINT WARNING * * *
Unknown command.
The orc closely misses you. The orc hits you but does no damage.
You feel a strong urge to attack something.
The orc barely misses you. The orc wizard casts a spell at you.
The magic dart hits you.
* * * LOW HITPOINT WARNING * * *
Unknown command.
The orc hits you but does no damage.
You closely miss the orc wizard.
The orc priest calls down the wrath of Beogh upon you.
Beogh smites you!
You die...

#................
##................
#.............[...
#>................
#....#########....
#.#### #....
#########.#####
#....
.......o......#
#....
......ooo@....#
#....
......g.o.....#
########.
.......J......#
#........
..............#
#....)...
..............#
#........
..............#
#........
..............#
#........
............$.#
#########


You could see an orc priest, an orc wizard, 3 orcs, an endoplasm and a goblin.

Vanquished Creatures
  Terence (D:3)
  3 orcs (D:2)
  3 ball pythons (D:1)
  6 endoplasms
  2 giant cockroaches (D:1)
  2 goblins (D:2)
  5 hobgoblins
  3 jackals (D:1)
  4 quokkas
  7 bats
  11 kobolds
  2 rats
49 creatures vanquished.

Notes
Turn   | Place    | Note
-------+----------+-------------------------------------------
     0 | D:1      | robertstho the Human Berserker began the quest for the Orb.
     0 | D:1      | Reached XP level 1. HP: 18/18 MP: 1/1
   129 | D:1      | Reached XP level 2. HP: 12/24 MP: 2/2
   461 | D:1      | Reached XP level 3. HP: 29/29 MP: 3/3
   712 | D:1      | Reached ** piety under Trog
  1743 | D:2      | Reached XP level 4. HP: 26/37 MP: 4/4
  2004 | D:2      | Found a faded altar of an unknown god.
  2174 | D:2      | Found a sparkling altar of Nemelex Xobeh.
  2591 | D:3      | Noticed Terence
  2603 | D:3      | Killed Terence
  2604 | D:3      | Reached skill level 4 in Fighting
  2647 | D:3      | HP: 2/55 [orc wizard/magic dart (4)]
  2649 | D:3      | Killed from afar by an orc priest

Illustrated notes

Levels and vault maps discovered:
D:1:      kilobyte_arrival_exit_the_forest, layout_rooms,
          chequers_serial_rivers_small_b
D:2:      layout_basic, ebering_ecumenical_altar_mist, kennysheep_flooded_box
D:3:      layout_basic, serial_shops, shop, uniq_terence, uniq_jessica,
          uniq_grinder

Skill      XL: |  1  2  3  4 |
---------------+-------------+-----
Fighting       | 4 |  4.0
Polearms       | |  3.6
Armour         | |  2.6
Dodging        | |  2.3

Action                   |  1- 3 |  4- 6 || total
-------------------------+-------+-------++-------
Melee: Spear             |   136 |    44 ||   180
Invok: Berserk           |     3 |     2 ||     5
  Use: Potion            |     1 |       ||     1
       Scroll            |       |     4 ||     4
Armor: Animal skin       |    15 |       ||    15
       Scale mail        |    24 |    16 ||    40
Dodge: Dodged            |    77 |    22 ||    99

Table legend: (Time is in decaauts)
 A = Elapsed time spent in this place.
 B = Non-inter-level travel time spent in this place.
 C = Inter-level travel time spent in this place.
 D = Time resting spent in this place.
 E = Time spent auto-exploring this place.
 F = Levels seen in this place.
 G = Mean time per level.
                   A        B        C        D        E       F      G
               +--------+--------+--------+--------+--------+-----+--------+
         Total |   2682 |   2590 |     92 |    237 |   1980 |   3 |  894.0 |
       Dungeon |   2682 |   2590 |     92 |    237 |   1980 |   3 |  894.0 |
               +--------+--------+--------+--------+--------+-----+--------+

Top non-repeatable levels by time:
     D:1: 1358 daAuts
     D:2: 1120 daAuts
     D:3: 203 daAuts
